 Dungeon Crawl Stone Soup version 0.19.1 (webtiles) character file.

493 Gargoyl the Covered (level 7, 0/59 HPs)
             Began as a Ghoul Abyssal Knight on Dec 7, 2016.
             Was a Priest of Lugonu.
             Splashed by a jelly's acid (8 damage)
             ... on level 5 of the Dungeon.
             The game lasted 00:07:58 (3986 turns).

Gargoyl the Covered (Ghoul Abyssal Knight)          Turns: 3986, Time: 00:07:59

Health: 0/59       AC: -5    Str: 18    XL:     7   Next: 15%
Magic:  8/8        EV:  5    Int:  7    God:    Lugonu [***...]
Gold:   293        SH:  0    Dex:  8    Spells: 0 memorised, 6 levels left

rFire  . . .     SeeInvis .     d - +0 hand axe (chop)
rCold  + . .     Gourm    .     f - +0 plate armour
rNeg   + + +     Faith    .     (no shield)
rPois  ∞         Spirit   .     q - +0 helmet
rElec  .         Reflect  .     (no cloak)
rCorr  .         Harm     .     e - +0 pair of gloves (curse)
MR     .....                    (no boots)
Stlth  ..........               (no amulet)
                                (no ring)
                                (no ring)

@: corroded, rotting
A: rotting body, claws 1, carnivore 3, cold resistance 1, negative energy
resistance 3, slow regeneration 1, torment resistance, unbreathing
a: Depart the Abyss, Bend Space, Banish, Renounce Religion


You were on level 5 of the Dungeon.
You worshipped Lugonu.
Lugonu was most pleased with you.
You were not hungry.

You visited 1 branch of the dungeon, and saw 5 of its levels.
You visited the Abyss 1 time.

You collected 293 gold pieces.

Inventory:

Hand Weapons
 a - a +1 hand axe
 d - a +0 hand axe of chopping (weapon)
 B - a +0 trident of flaming
Missiles
 u - 3 tomahawks (quivered)
Armour
 e - a cursed +0 pair of gloves (worn)
 f - a +0 plate armour (worn)
 q - a +0 helmet (worn)
Jewellery
 v - an uncursed amulet of the gourmand {unknown}
Wands
 y - a wand of flame (26/48)
 A - a wand of iceblast (6/15)
Scrolls
 b - a scroll of fog {unknown}
 i - 3 scrolls of teleportation {unknown}
 k - 2 scrolls of blinking {unknown}
 l - 9 scrolls of identify
 o - 2 scrolls of enchant weapon {unknown}
 s - 2 scrolls of fear {unknown}
 t - 3 scrolls of remove curse {unknown}
 w - a scroll of magic mapping {unknown}
Potions
 g - 2 potions of haste {unknown}
 m - a potion of lignification {unknown}
 n - 2 potions of mutation {unknown}
 p - a potion of resistance {unknown}
 r - 2 potions of curing
 x - a potion of agility {unknown}
 z - a potion of might {unknown}
Comestibles
 c - 3 meat rations
 h - a royal jelly
 j - a slice of pizza


   Skills:
 + Level 4.1 Fighting
 + Level 3.9 Axes
 * Level 4.6 Armour
 + Level 1.0 Dodging
 * Level 3.7 Invocations


You had 6 spell levels left.
You didn't know any spells.

Dungeon Overview and Level Annotations

Branches:
Dungeon (5/15)             Temple (0/1) D:4

Altars:
Gozag
Hepliaklqana
Nemelex Xobeh

Shops:
D:4 (


Innate Abilities, Weirdness & Mutations

Your body is rotting away.
You thrive on raw meat.
You are immune to poison.
You have sharp fingernails.
You are carnivorous and can eat meat at any time.
Your flesh is cold resistant. (rC+)
You are immune to negative energy. (rN+++)
You regenerate slowly when monsters are visible.
You are immune to unholy pain and torment.
You can survive without breathing.


Message History

The jelly is almost dead.
The jelly barely misses you.
You hit the jelly but do no damage.
Your hands burn!
The jelly is almost dead.
The jelly hits you but does no damage.
You hit the jelly but do no damage. The acid corrodes you!
Your hands burn!
The jelly is almost dead.
The jelly hits you. The acid corrodes you!
You are splashed with acid!
The acid burns!
You hit the jelly. The acid corrodes you!
Your hands burn!
The jelly is almost dead.
The jelly hits you.
You are splashed with acid!
The acid burns!
* * * LOW HITPOINT WARNING * * *
You hit the jelly but do no damage.
Your hands burn!
* * * LOW HITPOINT WARNING * * *
The jelly is almost dead.
The jelly hits you.
* * * LOW HITPOINT WARNING * * *
You are splashed with acid!
The acid burns!
You die...

### #.# #.##### #.....#
#####.###.###########
#....................
#.##.####.########### #@#
#.########### #J#
#...........# #.#
###########.# #.# #.# #.#
#.# #.####### ######(#
#.########>................
...........#############..#
#########..# #..#


You could see a jelly.

Vanquished Creatures
  A scorpion (D:4)
  A howler monkey (D:5)
  A hound (D:5)
  4 orc priests
  An iguana (D:4)
  3 worker ants (D:4)
  4 adders
  2 oozes (D:1)
  3 worms
  2 leopard geckos (D:2)
  12 orcs
  4 giant cockroaches
  9 goblins
  7 hobgoblins
  8 jackals
  11 kobolds
  2 quokkas (D:2)
  A ball python (D:2)
  9 bats
  6 frilled lizards
  A quokka skeleton (D:3)
  11 rats
103 creatures vanquished.

Notes
Turn   | Place    | Note
-------+----------+-------------------------------------------
     0 | Abyss:1  | Gargoyl the Ghoul Abyssal Knight began the quest for the Orb.
     0 | Abyss:1  | Reached XP level 1. HP: 19/19 MP: 1/1
    81 | Abyss:1  | Noticed a thrashing horror
    85 | D:1      | Escaped the Abyss
   161 | D:1      | Reached XP level 2. HP: 25/26 MP: 2/2
   167 | D:1      | Reached * piety under Lugonu
   378 | D:1      | Reached XP level 3. HP: 30/33 MP: 3/3
   945 | D:2      | Reached XP level 4. HP: 40/40 MP: 4/4
  1043 | D:2      | Found a sparkling altar of Nemelex Xobeh.
  1241 | D:2      | Reached ** piety under Lugonu
  1663 | D:2      | Reached XP level 5. HP: 5/46 MP: 6/6
  2349 | D:4      | Found Sarepsat's Antique Weapon Emporium.
  2504 | D:4      | Reached XP level 6. HP: 52/52 MP: 7/7
  2715 | D:4      | Reached *** piety under Lugonu
  2766 | D:4      | Found a staircase to the Ecumenical Temple.
  3022 | D:4      | Found an opulent altar of Gozag.
  3048 | D:4      | Found a hazy altar of Hepliaklqana.
  3266 | D:4      | Reached skill level 1 in Dodging
  3661 | D:5      | Entered Level 5 of the Dungeon
  3682 | D:5      | Reached XP level 7. HP: 54/59 MP: 8/8
  3986 | D:5      | Splashed by a jelly's acid

Skill      XL: |  1  2  3  4  5  6 |
---------------+-------------------+-----
Armour         | 2 3 4 |  4.6
Axes           | 2 3 |  3.9
Invocations    | 3 |  3.7
Dodging        | 1 |  1.0
Fighting       | 4 |  4.1

Action                   |  1- 3 |  4- 6 |  7- 9 || total
-------------------------+-------+-------+-------++-------
Melee: Hand axe          |   113 |   362 |    26 ||   501
Invok: Depart the Abyss  |     1 |       |       ||     1
  Use: Potion            |     3 |     2 |       ||     5
       Scroll            |     1 |     1 |       ||     2
  Eat: Chunk             |    10 |    38 |     1 ||    49
Armor: Plate armour      |   131 |   301 |    26 ||   458
Dodge: Dodged            |    40 |   106 |    10 ||   156
